 Dungeon Crawl Stone Soup version 0.17.0-24-gcfadda4 (console) character file.

2198 jw the Covert (level 9, -8/93 HPs)
             Began as an Octopode Berserker on Nov 15, 2015.
             Was an Elder of Trog.
             Mangled by a gnoll sergeant
             ... wielding a +1 trident of freezing
              (16 damage)
             ... on level 6 of the Dungeon.
             The game lasted 00:21:29 (7828 turns).

jw the Covert (Octopode Berserker)                  Turns: 7828, Time: 00:21:29

Health: -8/93      AC:  1    Str: 22    XL:     9   Next: 34%
Magic:  9/9        EV: 15    Int:  9    God:    Trog [****..]
Gold:   354        SH:  0    Dex: 14    Spells: 0 memorised, 8 levels left

rFire  . . .     SeeInvis .     a - +0 short sword
rCold  . . .     Clarity  .     (no shield)
rNeg   + . .     SustAt   .     (helmet restricted)
rPois  .         Gourm    .     (no amulet)
rElec  .         Spirit   .     f - ring of positive energy
rCorr  .         Warding  .     (no ring)
rMut   .         Stasis   .     (no ring)
MR     ++...                    (no ring)
Stlth  ..........               (no ring)
                                (no ring)
                                (no ring)
                                (no ring)

@: berserking, regenerating, very quick, very resistant to hostile enchantments,
extremely unstealthy
A: almost no armour, amphibious, 8 rings, constrict 8, camouflage 1, gelatinous
body 1
a: Berserk, Trog's Hand, Brothers in Arms, Burn Spellbooks, Renounce Religion


You were on level 6 of the Dungeon.
You worshipped Trog.
Trog was greatly pleased with you.
You were hungry.

You visited 1 branch of the dungeon, and saw 6 of its levels.

You collected 354 gold pieces.

Inventory:

Hand Weapons
 a - a +0 short sword (weapon)
Missiles
 g - 83 stones (quivered)
 j - 2 needles of confusion
 p - 2 curare-tipped needles
Jewellery
 f - a ring of positive energy (left tentacle)
Scrolls
 d - a scroll of fog {unknown}
 e - a scroll of remove curse
 k - 6 scrolls of identify
Comestibles
 b - 4 bread rations
 c - 4 meat rations
 h - 4 royal jellies
 i - 2 chunks of flesh
 l - a beef jerky


   Skills:
 + Level 5.6 Fighting
 * Level 7.1 Short Blades
 + Level 4.2 Throwing
 + Level 5.5 Dodging
 * Level 9.0 Stealth


You had 8 spell levels left.
You didn't know any spells.

Dungeon Overview and Level Annotations

Branches:
Dungeon (6/15)
 Temple: D:4-7

Altars:
Dithmenos
Nemelex Xobeh
Trog
Vehumet
Xom
The Shining One

Shops:
D:4 :   D:5 (   D:6 *

Annotations:
D:3 Sigmund


Innate Abilities, Weirdness & Mutations

You cannot wear most types of armour.
You are amphibious.
You can wear up to eight rings at the same time.
You can use your tentacles to constrict eight enemies at once.
Your skin changes colour to match your surroundings (Stealth).
Your rubbery body absorbs attacks (AC +1).


Message History

Your skin crawls.
You feel resistant to hostile enchantments.
You feel slightly more hungry. The gnoll sergeant closely misses you.
The hound closely misses you.
A red film seems to cover your vision as you go berserk!
You feel yourself moving faster!
You feel mighty!
You are feeling hungry.
The gnoll shouts!
The hound bites you. The gnoll sergeant closely misses you.
ATTACK MOVE TO (-1,0)
The gnoll sergeant blocks your attack.
Your grab misses the gnoll sergeant. You squeeze the gnoll sergeant!
The gnoll sergeant is heavily wounded.
The hound bites you.
ATTACK MOVE TO (-1,0)
You puncture the gnoll sergeant! Your grab misses the gnoll sergeant.
Your squeeze misses the gnoll sergeant.
The gnoll sergeant is severely wounded.
The gnoll sergeant hits you with a trident of freezing!
You die...

#)####.######.###############.
#.........#g..................
######....g...............)...
####.#.#.##...#..........
#.#(#......[..........
#(#(####.#.#.#########
#.(.....<..#..........
#(####g########..########
#((....gxh.......#
######.#########.#
#.........<...#
#.#.######.###########
#.#.##.......%........
.######.#.##.##..#..########
................##..#
#######..###.#..##..#
............#...#..#


You could see a gnoll sergeant, a hound and a gnoll.

Table legend:
 A = Turns spent in this place as a percentage of turns spent in the entire game.
 B = Non-inter-level travel turns spent in this place as a percentage of non-inter-level travel turns spent in the entire game.
 C = Inter-level travel turns spent in this place as a percentage of turns spent in this place.
 D = Turns resting spent in this place as a percentage of non-inter-level travel turns spent in this place.
 E = Turns spent auto-exploring this place as a percentage of non-inter-level travel turns spent in this place.
 F = Non-inter-level travel turns spent in this place divided by the number of levels of this place that you've seen.
                   A       B       C       D       E      F
               +-------+-------+-------+-------+-------+----------------------
         Total | 100.0 | 100.0 |   0.7 |   1.4 |   2.1 | 1710.3
       Dungeon | 100.0 | 100.0 |   0.7 |   1.4 |   2.1 | 1710.3
               +-------+-------+-------+-------+-------+----------------------

Table legend:
 A = Kills in this place as a percentage of kills in entire the game.
 B = Kills by you in this place as a percentage of kills by you in the entire game.
 C = Kills by friends in this place as a percentage of kills by friends in the entire game.
 D = Other kills in this place as a percentage of other kills in the entire game.
 E = Experience gained in this place as a percentage of experience gained in the entire game.
 F = Experience gained in this place divided by the number of levels of this place that you have seen.
                   A       B       C       D       E      F
               +-------+-------+-------+-------+-------+----------------------
         Total | 100.0 | 100.0 |  -nan |  -nan | 100.0 | 523.5
       Dungeon | 100.0 | 100.0 |  -nan |  -nan | 100.0 | 523.5
               +-------+-------+-------+-------+-------+----------------------

Vanquished Creatures
  Grinder (D:5)
  Prince Ribbit (D:5)
  A hippogriff (D:5)
  Menkaure (D:5)
  A black bear (D:5)
  An ice beast (D:5)
  2 sky beasts
  4 giant frogs (D:6)
  2 scorpions
  4 crimson imps (D:4)
  2 centaur skeletons
  An orc wizard (D:4)
  6 hounds
  An iguana (D:5)
  Terence (D:3)
  4 worker ants
  A hound zombie (D:5)
  A hound skeleton (D:4)
  7 adders
  A gnoll (D:6)
  A worker ant zombie (D:6)
  A shadow imp (D:6)
  A white imp (D:5)
  2 oozes
  An adder skeleton (D:4)
  An adder zombie (D:5)
  5 worms
  7 giant geckos
  17 orcs
  5 ball pythons
  13 bats
  3 giant cockroaches
  10 goblins
  9 hobgoblins
  3 jackals (D:3)
  5 quokkas
  5 giant newts
  3 hobgoblin zombies (D:5)
  10 kobolds
  A kobold skeleton (D:5)
  2 orc skeletons (D:5)
  2 orc zombies (D:5)
  10 rats
160 creatures vanquished.

Vanquished Creatures (others)
  A bat (D:2)
1 creature vanquished.

Grand Total: 161 creatures vanquished

Notes
Turn   | Place    | Note
--------------------------------------------------------------
     0 | D:1      | jw the Octopode Berserker began the quest for the Orb.
     0 | D:1      | Reached XP level 1. HP: 16/16 MP: 1/1
   120 | D:1      | Reached skill level 1 in Stealth
   129 | D:1      | Reached XP level 2. HP: 5/21 MP: 2/2
   567 | D:1      | Reached ** piety under Trog
   832 | D:1      | Reached XP level 3. HP: 22/26 MP: 3/3
  1806 | D:2      | Found a bloodstained altar of Trog.
  1962 | D:2      | Found a sparkling altar of Nemelex Xobeh.
  2048 | D:2      | Found a radiant altar of Vehumet.
  2268 | D:2      | Reached XP level 4. HP: 31/31 MP: 4/4
  2452 | D:2      | Reached skill level 1 in Throwing
  2874 | D:3      | Reached *** piety under Trog
  2936 | D:3      | Noticed Terence
  2955 | D:3      | Killed Terence
  2955 | D:3      | Reached XP level 5. HP: 22/36 MP: 5/5
  3276 | D:3      | Reached skill level 4 in Short Blades
  3445 | D:3      | Noticed Sigmund
  3747 | D:4      | Reached XP level 6. HP: 31/43 MP: 6/6
  4054 | D:4      | Found Rowihink's Book Boutique.
  4163 | D:4      | Reached **** piety under Trog
  4163 | D:4      | Reached XP level 7. HP: 43/48 MP: 7/7
  4291 | D:4      | Reached skill level 5 in Stealth
  4461 | D:4      | Found a shimmering altar of Xom.
  4617 | D:4      | Found a sparkling altar of Nemelex Xobeh.
  4716 | D:4      | Reached skill level 5 in Short Blades
  5115 | D:5      | Entered Level 5 of the Dungeon
  5135 | D:5      | Reached skill level 6 in Stealth
  5376 | D:5      | Found Xydghuto's Weapon Shop.
  5378 | D:5      | Noticed Menkaure
  5385 | D:5      | Killed Menkaure
  5385 | D:5      | Reached XP level 8. HP: 54/54 MP: 8/8
  5521 | D:5      | Noticed Grinder
  5527 | D:5      | Paralysed by Grinder for 2 turns
  5608 | D:5      | Killed Grinder
  5608 | D:5      | Reached skill level 7 in Stealth
  5651 | D:5      | Noticed a hippogriff
  5681 | D:5      | Killed a hippogriff
  5681 | D:5      | Received a gift from Trog
  5784 | D:5      | Found a glowing golden altar of the Shining One.
  5800 | D:5      | Reached skill level 5 in Dodging
  5825 | D:5      | Reached skill level 5 in Fighting
  6125 | D:5      | Reached skill level 8 in Stealth
  6254 | D:5      | Found a shadowy altar of Dithmenos.
  6365 | D:5      | Noticed Prince Ribbit
  6372 | D:5      | Killed Prince Ribbit
  6372 | D:5      | Reached XP level 9. HP: 61/61 MP: 9/9
  7223 | D:6      | Found Dohufosi's General Store.
  7700 | D:6      | Reached skill level 9 in Stealth
  7828 | D:6      | Mangled by a gnoll sergeant

Action                   |  1- 3 |  4- 6 |  7- 9 || total
-------------------------+-------+-------+-------++-------
Melee: Short sword       |    77 |   109 |   185 ||   371
Throw: Stone             |    43 |    87 |    93 ||   223
       Tomahawk          |       |       |    25 ||    25
Invok: Berserk           |     1 |     3 |     5 ||     9
       Trog's Hand       |       |     2 |     5 ||     7
  Use: Potion            |     1 |     4 |     4 ||     9
       Scroll            |     1 |     6 |     4 ||    11
 Stab: Sleeping          |    10 |     4 |    10 ||    24
  Eat: Chunk             |     5 |     9 |    12 ||    26
       Bread ration      |       |       |     1 ||     1

Vault maps used:
D:1:      matt_arrival_refuge, minivault_23
D:2:      fiery_altar_vehumet, lightli_temple_of_fire, nemelex_deck
D:3:      lightli_corner_chamber, uniq_terence, uniq_sigmund
D:4:      led_xom_imps, serial_shops, nicolae_shop_trees, first_bread,
          nemelex_diamond_rough_becter
D:5:      black_bear_nest_2, nicolae_tso_besieged_by_evil, lemuel_round_altar,
          serial_shops, shop_fountains, uniq_prince_ribbit1, uniq_grinder,
          uniq_menkaure
D:6:      serial_shops, shop, grunt_decor_fettered
